 Dungeon Crawl Stone Soup version 0.21.1-1-g345015f (webtiles) character file.

182 microfolk the Insei (level 5, -7/40 HPs)
             Began as a Draconian Transmuter on May 4, 2018.
             Killed by divine providence
             ... invoked by an orc priest
              (16 damage)
             ... on level 2 of the Dungeon.
             The game lasted 00:06:47 (3747 turns).

microfolk the Insei (Draconian Transmuter)          Turns: 3747, Time: 00:06:48

Health: -7/40      AC:  5    Str: 12    XL:     5   Next: 34%
Magic:  5/9        EV: 13    Int: 14    God:
Gold:   128        SH:  0    Dex: 12    Spells: 4/10 levels left

rFire    . . .     SeeInvis .     - Unarmed
rCold    . . .     Gourm    .   (no shield)
rNeg     . . .     Faith    .   (armour unavailable)
rPois    .         Spirit   .   (helmet restricted)
rElec    .         Reflect  .   (no cloak)
rCorr    .         Harm     .   (no gloves)
MR       .....                  (no boots)
Stlth    +.........             (no amulet)
HPRegen  0.13/turn              (no ring)
MPRegen  0.11/turn              (no ring)

@: no status effects
A: unfitting armour, cold-blooded, AC +5
a: no special abilities


You were on level 2 of the Dungeon.
You were very hungry.

You visited 1 branch of the dungeon, and saw 3 of its levels.

You collected 128 gold pieces.

Inventory:

Missiles
 a - 29 arrows
 d - 94 stones (quivered)
Scrolls
 e - 2 scrolls of identify
 f - a scroll of fog {unknown}
 g - a scroll of magic mapping {unknown}
 j - a scroll of amnesia {unknown}
Potions
 h - a potion of haste
Books
 b - a book of Changes

   Spells                             Type                      Level
   a - Beastly Appendage              Transmutation                1
   b - Sticks to Snakes               Transmutation                2
   c - Spider Form                    Transmutation/Poison         3
   d - Ice Form                       Ice/Transmutation            4
   e - Blade Hands                    Transmutation                5
Comestibles
 c - 6 rations


   Skills:
 - Level 1.1 Fighting
 + Level 2.8 Dodging
 + Level 3.8 Unarmed Combat
 - Level 3.0 Spellcasting
 + Level 3.1 Transmutations
 * Level 1.7 Poison Magic


You had 4 spell levels left.
You knew the following spells:

 Your Spells              Type           Power        Failure   Level  Hunger
a - Beastly Appendage     Tmut           ##....       6%          1    #......
b - Sticks to Snakes      Tmut           ##......     9%          2    ##.....
c - Spider Form           Tmut/Pois      #.........   24%         3    ###....


Dungeon Overview and Level Annotations

Branches:
Dungeon (3/15)

Altars:
Ashenzari
Gozag
Ru
Vehumet
Xom
The Shining One

Annotations:
D:1 exclusion: downstairs
D:2 exclusion: downstairs


Innate Abilities, Weirdness & Mutations

Your plain brown scales are hard. (AC +5)
You cannot fit into any form of body armour.
You are cold-blooded and may be slowed by cold attacks.


Message History

You kill the orc!
The orc priest closely misses you.
There is a stone staircase leading up here.
Things that are here:
a mace; a chain mail; an orc corpse The orc priest mumbles some strange prayers to Beogh against you.
Beogh smites you!
* * * LOW HITPOINT WARNING * * *
The orc wizard mumbles some strange words.
The orc wizard seems to speed up.
The rat misses you.
You climb upwards.
Level annotation: exclusion: downstairs Your transformation has ended.
There is a stone staircase leading down here.
Casting: Spider Form
Confirm with . or Enter, or press ? or * to list all spells.
You create a snake!
You now have 29 arrows.
The orc priest invokes the aid of Beogh against you.
Beogh smites you!
You die...

..........#.# #.#
.#####....#.# ### .#
#....#.# .# #....#.# .#
#....#.############ .#
#....#.#..........##########
.#
#....#.#...................#
.#
#....#.#............######.#
.# #....#.#...@........# #.#
######....#.#..r.o.......#
#.#
.<..#######.#...S........#
#.#
###.#######.#............#
#.#
###.........#............#
#.#
#....########............#
#..
'..).'...................#
##.
#....#################'#.#
#. #....#
#........#.#######.


You could see an orc priest, a rat and a friendly adder.

Vanquished Creatures
  An orc wizard (D:3)
  Jessica (D:2)
  A gnoll (D:2)
  2 adders (D:2)
  An ooze (D:2)
  2 worms
  2 dart slugs (D:2)
  A leopard gecko (D:2)
  2 orcs (D:3)
  3 giant cockroaches
  6 goblins
  7 hobgoblins
  2 jackals (D:1)
  6 bats
  5 frilled lizards (D:2)
  8 kobolds
  7 rats
57 creatures vanquished.

Vanquished Creatures (collateral kills)
  An orc wizard (D:2)
  A gnoll (D:1)
  A worm (D:2)
  A dart slug (D:2)
  A kobold (D:2)
5 creatures vanquished.

Vanquished Creatures (others)
  A gnoll (D:2)
  An orc (D:3)
  A goblin (D:2)
3 creatures vanquished.

Grand Total: 65 creatures vanquished

Notes
Turn   | Place    | Note
-------+----------+-------------------------------------------
     0 | D:1      | microfolk the Draconian Transmuter began the quest for the Orb.
     0 | D:1      | Reached XP level 1. HP: 16/16 MP: 3/3
   334 | D:1      | Reached XP level 2. HP: 13/23 MP: 3/5
   343 | D:1      | Learned a level 2 spell: Sticks to Snakes
  1138 | D:2      | Noticed Jessica
  1201 | D:2      | Found a radiant altar of Vehumet.
  1301 | D:1      | Reached XP level 3. HP: 21/28 MP: 2/6
  1306 | D:1      | Learned a level 3 spell: Spider Form
  1588 | D:2      | Found a sacrificial altar of Ru.
  1701 | D:2      | Reached XP level 4. HP: 30/35 MP: 4/8
  2817 | D:2      | Reached skill level 1 in Poison Magic
  2885 | D:2      | Killed Jessica
  2885 | D:2      | Reached XP level 5. HP: 35/40 MP: 6/9
  2961 | D:2      | Found a shimmering altar of Xom.
  2961 | D:2      | Found a glowing golden altar of the Shining One.
  2966 | D:2      | Found an opulent altar of Gozag.
  2971 | D:2      | Found a shattered altar of Ashenzari.
  2972 | D:2      | Found a faded altar of an unknown god.
  3747 | D:2      | Killed from afar by an orc priest

Skill      XL: |  1  2  3  4  5 |
---------------+----------------+-----
Dodging        | 2 |  2.8
Spellcasting   | 3 |  3.0
Poison Magic   | 1 |  1.7
Transmutations | 3 |  3.1
Fighting       | |  1.1
Unarmed Combat | |  3.8

Action                   |  1- 3 |  4- 6 || total
-------------------------+-------+-------++-------
Melee: Unarmed           |    84 |   106 ||   190
       Headbutt          |     3 |     4 ||     7
       Kick              |    11 |    11 ||    22
       Tailslap          |    10 |     8 ||    18
       Punch             |     1 |     1 ||     2
Throw: Stone             |     3 |    10 ||    13
 Cast: Beastly Appendage |    18 |    23 ||    41
       Sticks to Snakes  |     5 |     3 ||     8
       Spider Form       |       |     2 ||     2
  Use: Scroll            |       |     1 ||     1
 Stab: Paralysed         |     1 |       ||     1
       Sleeping          |       |     1 ||     1
  Eat: Chunk             |     3 |     6 ||     9
Armor: Skin              |    20 |    29 ||    49
Dodge: Dodged            |    49 |    64 ||   113
